 Dungeon Crawl Stone Soup version 0.29.0-11-gd7f09526c8 (webtiles) character file.

Game seed: 12136535055054393241

397 styxcanada the Covert (level 6, -5/32 HPs)
             Began as a Spriggan Brigand on Sept 3, 2022.
             Killed by nerve-wracking pain
             ... invoked by Menkaure
              (8 damage)
             ... on level 4 of the Dungeon on Sept 4, 2022.
             The game lasted 00:18:59 (4736 turns).

styxcanada the Covert (Spriggan Brigand)            Turns: 4736, Time: 00:19:00

Health: -5/32      AC:  4    Str:  7    XL:     6   Next: 53%
Magic:  10/10      EV: 18    Int: 13    God:
Gold:   123        SH:  0    Dex: 18    Spells: 9/9 levels left

rFire   . . .      SeeInvis +   t - +1 short sword (vamp)
rCold   . . .      Faith    .   (no shield)
rNeg    . . .      Spirit   .   b - +1 robe
rPois   .          Reflect  .   (helmet restricted)
rElec   .          Harm     .   c - +0 cloak
rCorr   .          Rampage  .   (gloves unavailable)
Will    +....                   (boots unavailable)
Stlth   ++++......              (no amulet)
HPRegen 0.10/turn               (no ring)
MPRegen 0.12/turn               (no ring)

@: very quick
A: very small, no large weapons, unfitting armour, see invisible, speed 3
a: no special abilities


You were on level 4 of the Dungeon.
You visited 1 branch of the dungeon, and saw 4 of its levels.

You collected 183 gold pieces.
You spent 60 gold pieces at shops.

Inventory:

Hand Weapons
 a - a +2 dagger
 q - a +1 dagger of venom
 s - a +3 dagger of draining
 t - a +1 vampiric short sword (weapon)
Missiles
 e - 3 curare-tipped darts
 n - 12 stones
 v - 10 poisoned darts (quivered)
Armour
 b - a +1 robe (worn)
 c - a +0 cloak (worn)
Wands
 h - a wand of digging (6)
Scrolls
 g - 2 scrolls of enchant armour
 l - 6 scrolls of poison
 p - a scroll of teleportation
 u - a scroll of identify
 w - a scroll of amnesia {unknown}
Potions
 d - a potion of lignification
 f - a potion of magic
 i - 2 potions of flight {unknown}
 j - a potion of haste {unknown}
 k - 3 potions of curing
 m - a potion of cancellation {unknown}
 o - 2 potions of might {unknown}
 r - a potion of heal wounds


   Skills:
 * Level 2.4 Fighting
 + Level 3.6 Short Blades
 + Level 2.9 Throwing
 * Level 3.4 Dodging
 * Level 8.6 Stealth
 * Level 2.3 Spellcasting


You had 9 spell levels left.
You didn't know any spells.
Your spell library contained the following spells:

 Spells                   Type           Power      Damage    Failure   Level
 Apportation              Tloc           2%         N/A       26%         1
 Necrotise                Necr           4%         1d4       26%         1
 Sandblast                Erth           2%         2d4       26%         1
 Summon Small Mammal      Summ           4%         N/A       26%         1
 Passwall                 Tmut/Erth      0%         N/A       36%         2
 Call Canine Familiar     Summ           1%         N/A       58%         3
 Stone Arrow              Conj/Erth      2%         3d7       58%         3
 Summon Guardian Golem    Hex/Summ       1%         N/A       58%         3
 Conjure Ball Lightning   Conj/Air       0%         3x3d6     100%        6
 Discord                  Hex            0%         N/A       100%        8
 Disjunction              Tloc           0%         N/A       100%        8


Dungeon Overview and Level Annotations

Branches:
Dungeon (4/15)
 Temple: D:4-7

Altars:
Kikubaaqudgha

Shops:
D:1 [   D:2 !

Annotations:
D:4 Blork the orc, Menkaure


Innate Abilities, Weirdness & Mutations

You are very small and have problems with some larger weapons.
You are too small for most types of armour.
You have supernaturally acute eyesight. (SInv)
You cover ground extremely quickly. (Speed+++)


Message History

You hit Menkaure.
Menkaure is lightly damaged.
Menkaure hits you but does no damage.
You hit Menkaure.
Menkaure is moderately damaged.
Menkaure misses you.
You hit Menkaure.
Menkaure is heavily damaged.
Menkaure gestures wildly while chanting.
Menkaure seems to speed up.
You hit Menkaure.
Menkaure is heavily damaged.
Menkaure barely misses you.
You barely miss Menkaure.
Menkaure is heavily damaged.
Menkaure gestures at you while chanting.
You resist with significant effort.
You hit Menkaure.
Menkaure is severely damaged.
Menkaure hits you!
You hit Menkaure but do no damage.
Menkaure is severely damaged.
Menkaure barely misses you.
You hit Menkaure but do no damage.
Menkaure is severely damaged.
Menkaure closely misses you.
You hit Menkaure but do no damage.
Menkaure is severely damaged.
Menkaure hits you!!
Ouch! That really hurt!
* * * LOW HITPOINT WARNING * * *
You hit Menkaure.
Menkaure is almost destroyed.
Menkaure calls on the powers of darkness!
You feel a surge of unholy energy.
You hit Menkaure.
Menkaure is almost destroyed.
Menkaure points at you and mumbles some strange words.
Pain shoots through your body!
You die...

......##....# .....##
......#....# #.....#
.#........### .....#
#####.......###...#
##........#...##
####..............#
.........#.##....######
...###...#..###M.##.#.#
#....#....#.##..@.#...##
#....##.....#.)..)...[)#
####..........#......)<#
#......##.....##.#..[###
##.........#..########
##.....#...####
.#.....#....#
............###
............g.####


You could see Menkaure (fast).

Vanquished Creatures
  Edmund (D:3)
  An orc priest (D:4)
  An iguana (D:4)
  An orc wizard (D:4)
  Robin (D:4)
  4 gnolls (D:3)
  6 adders
  3 worms
  A dart slug (D:2)
  8 orcs
  8 endoplasms
  3 giant cockroaches
  10 hobgoblins
  A quokka (D:1)
  10 ball pythons
  6 bats
  2 frilled lizards (D:3)
  7 goblins
  4 kobolds
  4 rats
82 creatures vanquished.

Vanquished Creatures (others)
  7 plants (D:3)
7 creatures vanquished.

Grand Total: 89 creatures vanquished

Notes
Turn   | Place    | Note
-------+----------+-------------------------------------------
     0 | D:1      | styxcanada the Spriggan Brigand began the quest for the
                  | Orb.
     0 | D:1      | Reached XP level 1. HP: 10/10 MP: 2/2
    60 | D:1      | Reached skill level 6 in Stealth
   236 | D:1      | Reached XP level 2. HP: 11/15 MP: 3/3
   511 | D:1      | Found Qoavueh's Antique Armour Shoppe.
   808 | D:1      | Found a faded altar of an unknown god.
   978 | D:2      | Reached XP level 3. HP: 15/18 MP: 4/4
   991 | D:2      | Reached skill level 7 in Stealth
  1345 | D:2      | Found Juizidgh's Distillery.
  1354 | D:2      | Bought a potion of heal wounds for 50 gold pieces
  1354 | D:2      | Bought a potion of degeneration for 10 gold pieces
  1859 | D:3      | Reached XP level 4. HP: 16/23 MP: 6/6
  1947 | D:3      | Reached skill level 1 in Spellcasting
  2982 | D:4      | Noticed Edmund
  3039 | D:3      | Killed Edmund
  3040 | D:3      | Reached skill level 8 in Stealth
  3040 | D:3      | Reached XP level 5. HP: 8/27 MP: 6/8
  3258 | D:4      | Reached XP level 6. HP: 28/31 MP: 8/10
  3305 | D:4      | Noticed Blork the orc
  3353 | D:4      | Found an ancient bone altar of Kikubaaqudgha.
  3379 | D:4      | Noticed Robin
  3464 | D:4      | Noticed Menkaure
  4044 | D:4      | Killed Robin
  4736 | D:4      | Killed from afar by Menkaure

Illustrated notes

Levels and vault maps discovered:
D:1:      roderic_chinese_lattice_arrival, layout_loops_ring, serial_shops,
          nicolae_shop_behind_doors, ebering_ecumenical_altar_sacrificial
D:2:      layout_rooms, serial_shops, nicolae_lakefront_shop, minmay_cut_off
D:3:      layout_loops_ring, hangedman_decor_growths, serial_bayou_pond_c
D:4:      layout_cave_pools, overflow_temple_1_default, minmay_diced_spiral,
          uniq_blork_the_orc, uniq_edmund, uniq_robin, uniq_menkaure

Skill      XL: |  1  2  3  4  5 |
---------------+----------------+-----
Stealth        | 6 7 8 |  8.6
Fighting       | 2 |  2.4
Dodging        | 2 3 |  3.4
Spellcasting   | 1 2 |  2.3
Short Blades   | 3 |  3.6
Throwing       | |  2.9

Action                   |  1- 3 |  4- 6 || total
-------------------------+-------+-------++-------
Melee: Dagger            |   108 |   124 ||   232
       Punch             |     2 |     3 ||     5
       Short sword       |       |    19 ||    19
Throw: Dart              |     8 |    36 ||    44
       Stone             |       |     4 ||     4
  Use: Scroll            |     4 |     7 ||    11
 Stab: Sleeping          |    12 |     3 ||    15
       Distracted        |     1 |       ||     1
Armor: Robe              |     6 |    16 ||    22
Dodge: Dodged            |    63 |   104 ||   167
